 Dungeon Crawl Stone Soup version 0.20.1-1-g8b1a95d (webtiles) character file.

319 Nattfarinn the Skirmisher (level 6, -4/40 HPs)
             Began as a Gargoyle Berserker on Aug 3, 2017.
             Was a Priest of Trog.
             Slain by a gnoll
             ... wielding a +0 halberd
              (11 damage)
             ... on level 3 of the Dungeon.
             The game lasted 00:04:27 (2528 turns).

Nattfarinn the Skirmisher (Gargoyle Berserker)      Turns: 2528, Time: 00:04:27

Health: -4/40      AC:  7    Str: 20    XL:     6   Next: 45%
Magic:  6/6        EV: 12    Int:  8    God:    Trog [***...]
Gold:   129        SH:  0    Dex: 11    Spells: 5/5 levels left

rFire    . . .     SeeInvis .   k - +2 whip (drain)
rCold    . . .     Gourm    .   (no shield)
rNeg     + + .     Faith    .   f - +0 robe (curse)
rPois    ∞         Spirit   .   n - +0 helmet
rElec    +         Reflect  .   (no cloak)
rCorr    .         Harm     .   (no gloves)
MR       .....     Clarity  +   (no boots)
Stlth    +.........             (no amulet)
Regen    0.2/turn               m - ring of flight
MPRegen  0.1/turn               o - ring of positive energy

@: berserk cooldown, slowed, very slow
A: clarity, negative energy resistance 1, electricity resistance, wild magic 2,
unbreathing, petrification resistance, rot immunity, AC +4
a: Berserk, Trog's Hand, Burn Spellbooks, Renounce Religion, Evoke Flight


You were on level 3 of the Dungeon.
You worshipped Trog.
Trog was most pleased with you.
You were very hungry.

You visited 1 branch of the dungeon, and saw 3 of its levels.

You collected 129 gold pieces.

Inventory:

Hand Weapons
 a - a +0 mace
 k - a +2 whip of draining (weapon)
 p - a +0 flail
Armour
 b - a +0 animal skin
 e - a +0 ring mail
 f - a cursed +0 robe (worn)
 n - a +0 helmet (worn)
 q - a +0 chain mail
Jewellery
 m - a ring of flight (left hand)
 o - a ring of positive energy (right hand)
 t - an uncursed ring of stealth {unknown}
 u - an uncursed ring of resist corrosion {unknown}
Scrolls
 h - 6 scrolls of identify
Potions
 d - a potion of curing
 g - a potion of mutation
 i - 2 potions of haste {unknown}
 j - 2 potions of agility {unknown}
 r - a potion of magic {unknown}
 s - a potion of heal wounds {unknown}
Comestibles
 c - 4 bread rations
 l - a meat ration


   Skills:
 * Level 5.5 Fighting
 + Level 4.9 Maces & Flails
 * Level 3.7 Armour
 - Level 1.5 Dodging


You had 5 spell levels left.
You didn't know any spells.

Dungeon Overview and Level Annotations

Branches:
Dungeon (3/15)

Altars:
Okawaru
Trog
Xom


Innate Abilities, Weirdness & Mutations

You are resistant to torment.
Your stone body is resilient. (AC +4)
You are immune to poison.
You resist negative energy. (rN+)
You are resistant to electric shocks. (rElec)
You can survive without breathing.
You are immune to petrification.
You are immune to rotting.
You possess an exceptional clarity of mind.
Your spells are harder to cast, but more powerful.


Message History

Your unstable footing causes you to fumble your attack.
You are no longer berserk.
You are exhausted.
You feel yourself slow down.
You completely miss the gnoll. The gnoll hits you.
The gnoll splashes around in the water.
The gnoll misses you. The gnoll hits you.
You whack the gnoll! You drain the gnoll!
You kill the gnoll!
Trog accepts your kill. The gnoll hits you but does no damage.
The gnoll barely misses you. The gnoll hits you but does no damage.
The gnoll misses you. The gnoll hits you.
* * * LOW HITPOINT WARNING * * *
The gnoll barely misses you.
You see here a club.
You hit the gnoll. You drain the gnoll!
The gnoll is moderately wounded.
The gnoll hits you from afar with a halberd!
You die...

.≈≈≈(# .≈≈≈.# .≈≈≈.# .≈≈≈.#
.≈≈≈.# .≈≈≈.# .. .≈≈###+# ...
P≈≈#...#############''''#########
.≈≈#.gg#........@gg..............
.≈≈#####≈≈≈≈≈≈≈≈)g≈≈....≈≈≈≈≈≈≈≈≈
.≈≈≈≈≈≈≈≈≈≈≈≈≈≈≈≈≈≈≈....≈≈≈≈≈≈≈≈≈
.≈≈≈≈≈≈≈≈≈≈≈≈≈)≈≈≈≈≈....≈≈≈≈≈≈≈≈≈
.................................
#######>.........................
################.##.#######
#......# #.##.# #.
#......###.)).# #.


You could see 3 gnolls.

Vanquished Creatures
  Terence (D:2)
  A worker ant (D:3)
  10 gnolls (D:3)
  6 adders
  5 worms
  4 leopard geckos
  10 orcs (D:3)
  10 bats
  3 giant cockroaches (D:1)
  7 goblins
  3 hobgoblins
  14 jackals (D:3)
  6 kobolds
  3 quokkas
  A ball python (D:3)
  5 frilled lizards
  9 rats
98 creatures vanquished.

Notes
Turn   | Place    | Note
-------+----------+-------------------------------------------
     0 | D:1      | Nattfarinn the Gargoyle Berserker began the quest for the Orb.
     0 | D:1      | Reached XP level 1. HP: 14/14 MP: 1/1
    44 | D:1      | Reached XP level 2. HP: 18/20 MP: 2/2
   324 | D:1      | Reached skill level 4 in Fighting
   556 | D:1      | Reached XP level 3. HP: 24/24 MP: 3/3
   570 | D:1      | Reached ** piety under Trog
   959 | D:2      | Found a shimmering altar of Xom.
   980 | D:2      | Found a bloodstained altar of Trog.
  1239 | D:2      | Noticed Terence
  1245 | D:2      | Killed Terence
  1245 | D:2      | Reached XP level 4. HP: 30/30 MP: 4/4
  1291 | D:2      | Found an iron altar of Okawaru.
  1625 | D:3      | Reached XP level 5. HP: 32/34 MP: 5/5
  1638 | D:3      | Reached skill level 5 in Fighting
  1727 | D:3      | Reached *** piety under Trog
  2206 | D:3      | Gained mutation: You possess an exceptional clarity of mind. [potion of mutation]
  2206 | D:3      | Gained mutation: Your spells are a little harder to cast, but a little more powerful. [potion of mutation]
  2206 | D:3      | Gained mutation: Your spells are harder to cast, but more powerful. [potion of mutation]
  2249 | D:3      | Reached XP level 6. HP: 40/40 MP: 6/6
  2528 | D:3      | Slain by a gnoll

Skill      XL: |  1  2  3  4  5 |
---------------+----------------+-----
Fighting       | 4 5 |  5.5
Maces & Flails | 4 |  4.9
Armour         | 3 |  3.7
Dodging        | |  1.5

Action                   |  1- 3 |  4- 6 || total
-------------------------+-------+-------++-------
Melee: Mace              |    38 |       ||    38
       Whip              |    57 |   222 ||   279
Invok: Berserk           |       |     1 ||     1
  Use: Scroll            |     2 |       ||     2
       Potion            |       |     1 ||     1
 Stab: Sleeping          |     1 |       ||     1
  Eat: Chunk             |       |     5 ||     5
Armor: Animal skin       |    13 |       ||    13
       Robe              |    36 |    67 ||   103
Dodge: Dodged            |    71 |   156 ||   227
